 Dungeon Crawl Stone Soup version 0.31.0-12-g77e489cdc1 (webtiles) character file.

Game seed: 7969115173170129757

48 DildoBatman the Conjurer (level 4, -1/28 (32) HPs)
             Began as a Formicid Conjurer on Feb 29, 2024.
             Slain by a goblin
             ... wielding a +0 dagger
             ... led by Robin
              (5 damage)
             ... on level 2 of the Dungeon.
             The game lasted 00:02:50 (1117 turns).

DildoBatman the Conjurer (Formicid Conjurer)        Turns: 1117, Time: 00:02:50

HP:   -1/28 (32)    AC:  2    Str: 12    XL:     4   Next: 0%
MP:   3/7           EV: 12    Int: 19    God:
Gold: 74            SH:  0    Dex: 12    Spells: 5/8 levels left

rFire   . . .        i - +0 sling
rCold   . . .        (no shield)
rNeg    . . .        a - +0 robe
rPois   .            (helmet unavailable)
rElec   .            (no cloak)
rCorr   .            (no gloves)
SInv    +            (no boots)
Will    .....        (no amulet)
Stlth   ++           (no ring)
HPRegen 0.24/turn    (no ring)
MPRegen 0.10/turn

%: no passive effects
@: heavily drained
A: permanent stasis, dig shafts and tunnels, antennae 3, four strong arms
a: Dig, Shaft Self


You were on level 2 of the Dungeon.
You visited 1 branch of the dungeon, and saw 2 of its levels.

You collected 74 gold pieces.

Inventory:

Hand Weapons
 c - a +0 club
 i - a +0 sling (weapon)
Missiles
 e - 12 stones
Armour
 a - a +0 robe (worn)
Scrolls
 d - a scroll of teleportation {unknown}
 j - a scroll of enchant weapon {unknown}
Potions
 b - a potion of magic
 f - a potion of heal wounds {unknown}
 g - a potion of curing {unknown}
 h - a potion of degeneration {unknown}


   Skills:
 + Level 1.2 Fighting
 + Level 1.2 Armour
 + Level 2.1 Dodging
 + Level 3.0 Stealth
 + Level 2.5 Spellcasting
 + Level 3.8 Conjurations


You had 5 spell levels left.
You knew the following spells:

 Your Spells              Type           Power      Damage    Failure   Level
a - Searing Ray           Conj           34%        2d5       4%          2
c - Magic Dart            Conj           68%        1d6       3%          1

Your spell library contained the following spells:

 Spells                   Type           Power      Damage    Failure   Level
 Fulminant Prism          Conj/Alch      4%         3d5       58%         4
 Iskenderun's Mystic Bla  Conj/Tloc      9%         2d4       58%         4


Dungeon Overview and Level Annotations

Branches:
Dungeon (2/15)

Altars:

Annotations:
D:2 Robin


Innate Abilities, Weirdness & Mutations

You cannot be hasted, slowed, berserked, paralysed or teleported.
You can dig through walls and to a lower floor.
You have a pair of large antennae on your head. (SInv)
Your four strong arms can wield two-handed weapons with a shield.


Message History

The goblin hits you but does no damage. The goblin barely misses you.
The goblin hits you but does no damage. The goblin hits you with a +0 dagger.
The hobgoblin closely misses you. What are your orders? t - Shout!
Orders for allies: a - Attack new target. r - Retreat! s - Stop attacking. g - Guard the area. f - Follow me.
Anything else - Cancel.
You shout for attention!
The goblin hits you with a +0 club. The goblin barely misses you.
The goblin hits you but does no damage. Robin barely misses you.
The goblin barely misses you. The hobgoblin barely misses you.
What are your orders? t - Shout!
Orders for allies: a - Attack new target. r - Retreat! s - Stop attacking. g - Guard the area. f - Follow me.
Anything else - Cancel.
You shout for attention!
The goblin closely misses you. The goblin barely misses you.
The hobgoblin barely misses you. The goblin hits you with a +0 dagger.
Robin barely misses you. What are your orders? t - Shout!
Orders for allies: a - Attack new target. r - Retreat! s - Stop attacking. g - Guard the area. f - Follow me.
Anything else - Cancel.
You shout for attention!
The hobgoblin barely misses you. The goblin hits you with a +0 dagger.
You die...

###+##.#........#.####
...#.............#
#.####.............# #
#.............#
#........#.####
##........#)# .####
##.#########)####
......##g#.......†......
#.g@gg..........####
###gg#..#######.####
.ggg..# #...... .##....#
#...... #. ##...###
#...... .
).)....###...... .#
#.............. #.
..............##
.........<#.#.#


You could see Robin, 2 hobgoblins and 6 goblins.

Vanquished Creatures
  2 ribbon worms (D:2)
  3 dart slugs (D:1)
  2 endoplasms (D:1)
  5 goblins
  3 hobgoblins (D:1)
  3 jackals (D:1)
  2 kobolds
  5 ball pythons
  6 bats (D:1)
  3 frilled lizards
  2 rats (D:1)
36 creatures vanquished.

Notes
Turn   | Place    | Note
-------+----------+-------------------------------------------
     0 | D:1      | DildoBatman the Formicid Conjurer began the quest for the
                  | Orb.
     0 | D:1      | Reached XP level 1. HP: 13/13 MP: 3/3
   206 | D:1      | Reached XP level 2. HP: 19/19 MP: 3/5
   209 | D:1      | Learned a level 2 spell: Searing Ray
   528 | D:1      | Reached XP level 3. HP: 25/25 MP: 4/6
   535 | D:1      | Reached skill level 1 in Fighting
   620 | D:1      | Found a faded altar of an unknown god.
   648 | D:1      | Reached skill level 1 in Armour
  1096 | D:2      | Reached XP level 4. HP: 30/32 MP: 1/7
  1107 | D:2      | Noticed Robin
  1117 | D:2      | Slain by a goblin

Illustrated notes

Levels and vault maps discovered:
D:1:      nagdon_arrival_double_spiral, layout_rooms,
          shapermc_ecumenical_altar_mp_urbaneastern, minmay_heptomino_w4
D:2:      layout_basic, uniq_robin

Skill      XL: |  1  2  3 |
---------------+----------+-----
Dodging        | 2 |  2.1
Fighting       | 1 |  1.2
Armour         | 1 |  1.2
Stealth        | 3 |  3.0
Spellcasting   | |  2.5
Conjurations   | |  3.8

Action                     |  1- 3 |  4- 6 || total
---------------------------+-------+-------++-------
  Melee: Club              |    29 |       ||    29
   Fire: Sling             |    18 |       ||    18
   Cast: Magic Dart        |    51 |       ||    51
         Searing Ray       |     4 |       ||     4
Ability: Dig               |       |     1 ||     1
 Armour: Robe              |    28 |    14 ||    42
  Dodge: Dodged            |    37 |    17 ||    54
